 Dungeon Crawl Stone Soup version 0.28.0-43-g3370ac3207 (webtiles) character file.

Game seed: 3335056609558751434

13767 fknight the Spear-Bearer (level 12, -3/96 HPs)
             Began as a Gnoll Berserker on Mar 13, 2022.
             Was an Elder of Trog.
             Slain by a troll (7 damage)
             ... led by an orc high priest
             ... on level 1 of the Orcish Mines.
             The game lasted 00:34:56 (11600 turns).

fknight the Spear-Bearer (Gnoll Berserker)         Turns: 11600, Time: 00:34:56

Health: -3/96      AC: 25    Str: 19    XL:     12   Next: 9%
Magic:  22/22      EV:  9    Int: 12    God:    Trog [****..]
Gold:   763        SH:  0    Dex: 15    Spells: 24/24 levels left

rFire   + . .      SeeInvis .   f - +8 halberd "Xusoamoc" {vorpal, rF+ Int+4 Dex+2}
rCold   . . .      Faith    .   (shield currently unavailable)
rNeg    . . .      Spirit   .   s - +2 plate armour
rPois   .          Reflect  .   (no helmet)
rElec   .          Harm     .   y - +0 cloak
rCorr   .          Rampage  .   (no gloves)
Will    .....                   (no boots)
Stlth   ..........              (no amulet)
HPRegen 0.26/turn               q - +4 ring of protection
MPRegen 0.18/turn               B - +4 ring of protection

@: on berserk cooldown, slowed, very slow
A: fangs 1, strong nose, distributed training
a: Renounce Religion, Berserk, Trog's Hand, Brothers in Arms


You were on level 1 of the Orcish Mines.
You worshipped Trog.
Trog was greatly pleased with you.
You visited 2 branches of the dungeon, and saw 13 of its levels.
You also visited: Ossuary.

You collected 763 gold pieces.

Inventory:

Hand Weapons
 a - a +0 spear
 f - the +8 halberd "Xusoamoc" (weapon) {vorpal, rF+ Int+4 Dex+2}
   (You acquired it on level 8 of the Dungeon)

   It inflicts extra damage upon your enemies.
   Int:       It affects your intelligence (+4).
   Dex:       It affects your dexterity (+2).
   rF:        It protects you from fire.
 i - a +0 hunting sling
 k - a +0 scythe
 t - a +1 hand axe of freezing
 u - a +1 trident of freezing
 I - a +4 falchion
 K - a +1 flail of venom
 O - a +0 dagger of freezing
 R - a +1 vorpal spear
 T - a +0 fustibalus
 W - a +0 whip
 X - a +0 hand axe
 Y - a +2 scimitar of freezing
Missiles
 d - 384 stones (quivered)
 h - 2 silver boomerangs
 n - a curare-tipped dart
 C - 8 poisoned darts
 G - 2 throwing nets
 P - 3 boomerangs
Armour
 s - a +2 plate armour (worn)
 y - a +0 cloak (worn)
 A - a +3 ring mail
Jewellery
 q - a +4 ring of protection (left hand)
 r - a +4 ring of evasion
 B - a +4 ring of protection (right hand)
 N - a +6 ring of intelligence
Wands
 v - a wand of flame (16)
 z - a wand of charming (7)
 D - a wand of mindburst (15)
 E - a wand of digging (10)
 H - a wand of polymorph (9)
 M - a wand of paralysis (8)
Scrolls
 b - 7 scrolls of teleportation
 l - 2 scrolls of noise
 p - 2 scrolls of immolation
 L - 3 scrolls of identify
 Q - 2 scrolls of magic mapping
 S - a scroll of fear
 U - a scroll of fog
Potions
 c - a potion of might
 e - a potion of resistance
 g - 2 potions of cancellation
 j - 3 potions of curing
 m - 2 potions of ambrosia
 o - 3 potions of flight
 w - 2 potions of mutation
 x - 4 potions of brilliance
 F - a potion of berserk rage
 J - 3 potions of attraction


   Skills:
 + Level 9.6 Fighting
 + Level 6.9 Short Blades
 + Level 6.9 Long Blades
 + Level 6.9 Axes
 + Level 6.9 Maces & Flails
 + Level 9.6 Polearms
 + Level 6.9 Staves
 + Level 6.9 Slings
 + Level 6.9 Bows
 + Level 6.9 Crossbows
 + Level 6.9 Throwing
 + Level 8.4 Armour
 + Level 8.4 Dodging
 + Level 6.9 Stealth
 + Level 6.9 Shields
 + Level 6.9 Unarmed Combat
 + Level 6.9 Spellcasting
 + Level 5.7 Conjurations
 + Level 5.7 Hexes
 + Level 5.7 Summonings
 + Level 5.7 Necromancy
 + Level 5.7 Translocations
 + Level 5.7 Transmutations
 + Level 5.7 Fire Magic
 + Level 5.7 Ice Magic
 + Level 5.7 Air Magic
 + Level 5.7 Earth Magic
 + Level 5.7 Poison Magic
 + Level 7.6 Invocations
 + Level 6.9 Evocations


You had 24 spell levels left.
You didn't know any spells.
Your spell library was empty.

Dungeon Overview and Level Annotations

Branches:
Dungeon (11/15)            Temple (0/1) D:6            Lair (0/6) D:10
    Orc (2/2) D:9             Elf (0/3) Orc:2       Ossuary (visited)

Altars:
Vehumet


Innate Abilities, Weirdness & Mutations

You have very sharp teeth.
Your uncanny sense of smell can sniff out nearby items.
Your experience applies equally to all skills.


Message History

The troll claws you but does no damage. The orc hits you but does no damage. x2
The orc priest hits you but does no damage.
The orc warrior hits you with a +0 war axe.
* * * LOW HITPOINT WARNING * * *
You fail to use your ability.
The troll bites you but does no damage.
The troll claws you but does no damage. x2
The orc hits you but does no damage. x2; The orc priest closely misses you.
The orc warrior hits you but does no damage.
The troll bites you but does no damage.
The troll claws you but does no damage. x2
The orc hits you but does no damage.
You barely miss the orc. You bite the orc.
The orc is lightly wounded.
The orc barely misses you.
The orc priest calls upon Beogh to heal the orc.
The orc's wounds heal themselves!
The orc warrior closely misses you. The troll closely misses you.
The troll claws you but does no damage. x2
The orc barely misses you. The orc closely misses you.
The orc priest closely misses you.
The orc warrior hits you but does no damage.
You slash the orc!
You kill the orc!
Trog accepts your kill. The troll bites you but does no damage.
The troll claws you but does no damage. x2
The orc hits you with a +0 hand axe.
* * * LOW HITPOINT WARNING * * *
The orc priest miscasts a cantrip.
The orc warrior hits you but does no damage.
The troll bites you!
* * * LOW HITPOINT WARNING * * *
The troll claws you.
* * * LOW HITPOINT WARNING * * *
The troll closely misses you. The orc closely misses you.
You feel better.
The orc priest hits you but does no damage.
The orc warrior hits you with a +0 war axe.
* * * LOW HITPOINT WARNING * * *
The troll barely misses you. The troll claws you.
* * * LOW HITPOINT WARNING * * *
The troll claws you!
You die...

#.........#..##....##
##.......####.....#.##
###...####......#...#
##.#..##............##
#................#..##
##...................#
###..#.............##
###..oTo..........## ##
##.##.)@.......##..####.
#...##.o....[.......##..
##.........[[.......###..
#....##.....[........#...
##.####.#..#รท.......#.#..
#...##...#.#.............
##.##...#...#...........#
##.###.###.##.....#...###
#...######.###........#


You could see a troll, an orc warrior, an orc priest and an orc.

Vanquished Creatures
  Harold (D:9)
  4 two-headed ogres
  An orc high priest (Orc:2)
  A cyclops (D:11)
  The ghost of Jase the Frost Mage, a novice MfIE (D:5)
  4 trolls
  A hornet (D:10)
  Grinder (D:5)
  Sigmund (D:2)
  A vampire (D:8)
  2 shadows
  3 wraiths
  5 yaks (D:9)
  Grum (D:10)
  2 steam dragons
  4 vampire mosquitoes (D:9)
  2 wargs
  2 acid dragons (D:11)
  A water moccasin (D:7)
  An ice beast (D:5)
  7 orc warriors
  2 sky beasts
  9 wolves (D:10)
  3 black bears
  A necrophage (D:7)
  2 ogres (D:5)
  3 centaurs
  A phantom (D:6)
  2 kobold brigands
  2 bullfrogs
  4 scorpions
  A wyvern skeleton (D:7)
  2 wights (Ossuary)
  4 killer bees (D:9)
  2 electric eels (D:10)
  A howler monkey (D:6)
  2 bullfrog zombies
  4 centaur zombies
  9 orc priests
  3 jellies
  4 centaur skeletons
  8 hounds
  3 iguanas
  7 orc wizards
  3 killer bee zombies
  A hound skeleton (D:5)
  2 howler monkey zombies (D:10)
  7 gnolls (D:4)
  5 adders
  A river rat (D:5)
  A white imp (D:7)
  An ufetubus (D:5)
  2 adder zombies (Ossuary)
  2 worms
  4 dart slugs
  41 orcs
  2 bats (D:1)
  7 endoplasms
  4 giant cockroaches
  A goblin (D:1)
  4 hobgoblins
  6 jackals
  2 quokkas
  3 ball pythons
  A ball python skeleton (Ossuary)
  A frilled lizard (D:2)
  A hobgoblin skeleton (Ossuary)
  4 hobgoblin zombies (Ossuary)
  14 kobolds
  A kobold zombie (Ossuary)
  An orc skeleton (Ossuary)
  6 rats
253 creatures vanquished.

Notes
Turn   | Place    | Note
-------+----------+-------------------------------------------
     0 | D:1      | fknight the Gnoll Berserker began the quest for the Orb.
     0 | D:1      | Reached XP level 1. HP: 23/23 MP: 1/1
   169 | D:1      | Reached XP level 2. HP: 26/29 MP: 2/2
   529 | D:2      | Found a faded altar of an unknown god.
   689 | D:2      | Noticed Sigmund
   724 | D:2      | Reached XP level 3. HP: 22/35 MP: 3/3
   724 | D:2      | Killed Sigmund
   725 | D:2      | Reached skill level 1 in Short Blades
   725 | D:2      | Reached skill level 1 in Long Blades
   725 | D:2      | Reached skill level 1 in Axes
   725 | D:2      | Reached skill level 1 in Maces & Flails
   725 | D:2      | Reached skill level 1 in Staves
   725 | D:2      | Reached skill level 1 in Slings
   725 | D:2      | Reached skill level 1 in Bows
   725 | D:2      | Reached skill level 1 in Crossbows
   725 | D:2      | Reached skill level 1 in Throwing
   725 | D:2      | Reached skill level 1 in Stealth
   725 | D:2      | Reached skill level 1 in Shields
   725 | D:2      | Reached skill level 1 in Unarmed Combat
   725 | D:2      | Reached skill level 1 in Spellcasting
   725 | D:2      | Reached skill level 1 in Conjurations
   725 | D:2      | Reached skill level 1 in Hexes
   725 | D:2      | Reached skill level 1 in Summonings
   725 | D:2      | Reached skill level 1 in Necromancy
   725 | D:2      | Reached skill level 1 in Translocations
   725 | D:2      | Reached skill level 1 in Transmutations
   725 | D:2      | Reached skill level 1 in Fire Magic
   725 | D:2      | Reached skill level 1 in Ice Magic
   725 | D:2      | Reached skill level 1 in Air Magic
   725 | D:2      | Reached skill level 1 in Earth Magic
   725 | D:2      | Reached skill level 1 in Poison Magic
   725 | D:2      | Reached skill level 1 in Invocations
   725 | D:2      | Reached skill level 1 in Evocations
   725 | D:2      | Reached XP level 4. HP: 27/41 MP: 3/6
   725 | D:2      | Reached XP level 5. HP: 31/47 MP: 3/7
  1029 | D:2      | Reached ** piety under Trog
  1605 | D:3      | Reached XP level 6. HP: 51/53 MP: 8/8
  2153 | D:4      | Reached skill level 5 in Armour
  2153 | D:4      | Reached skill level 5 in Dodging
  2200 | D:4      | Reached XP level 7. HP: 48/59 MP: 10/10
  3324 | D:5      | Entered Level 5 of the Dungeon
  3462 | D:5      | Found a radiant altar of Vehumet.
  3476 | D:5      | Reached *** piety under Trog
  3523 | D:5      | Reached XP level 8. HP: 58/67 MP: 12/12
  3925 | D:5      | Found a runed translucent door.
  3930 | D:5      | Noticed Jase's ghost (novice MfIE)
  3949 | D:5      | Found a runed translucent door.
  3996 | D:5      | Killed Jase's ghost
  4511 | D:5      | Noticed Grinder
  4515 | D:5      | Killed Grinder
  4516 | D:5      | Reached XP level 9. HP: 62/73 MP: 14/14
  5537 | D:6      | Found a staircase to the Ecumenical Temple.
  5620 | D:7      | You fall into a shaft and drop 1 floor!
  5801 | D:7      | Found a sand-covered staircase.
  5846 | Ossuary  | Entered an ossuary
  6077 | Ossuary  | Reached skill level 5 in Invocations
  6429 | D:7      | Reached XP level 10. HP: 80/80 MP: 17/17
  7010 | D:8      | Noticed a two-headed ogre
  7020 | D:8      | Killed a two-headed ogre
  7021 | D:8      | Reached skill level 5 in Short Blades
  7021 | D:8      | Reached skill level 5 in Long Blades
  7021 | D:8      | Reached skill level 5 in Axes
  7021 | D:8      | Reached skill level 5 in Maces & Flails
  7021 | D:8      | Reached skill level 5 in Staves
  7021 | D:8      | Reached skill level 5 in Slings
  7021 | D:8      | Reached skill level 5 in Bows
  7021 | D:8      | Reached skill level 5 in Crossbows
  7021 | D:8      | Reached skill level 5 in Throwing
  7021 | D:8      | Reached skill level 5 in Stealth
  7021 | D:8      | Reached skill level 5 in Shields
  7021 | D:8      | Reached skill level 5 in Unarmed Combat
  7021 | D:8      | Reached skill level 5 in Spellcasting
  7021 | D:8      | Reached skill level 5 in Evocations
  7243 | D:8      | Identified a scroll of acquirement
  7243 | D:8      | Acquired the +8 halberd "Xusoamoc" {vorpal, rF+ Int+4
                  | Dex+2}
  8213 | D:9      | Noticed Harold
  8222 | D:9      | Killed Harold
  8223 | D:9      | Reached XP level 11. HP: 79/87 MP: 19/19
  8455 | D:9      | Reached **** piety under Trog
  8519 | D:9      | Found a staircase to the Orcish Mines.
  8662 | D:9      | Reached skill level 5 in Conjurations
  8662 | D:9      | Reached skill level 5 in Hexes
  8662 | D:9      | Reached skill level 5 in Summonings
  8662 | D:9      | Reached skill level 5 in Necromancy
  8662 | D:9      | Reached skill level 5 in Translocations
  8662 | D:9      | Reached skill level 5 in Transmutations
  8662 | D:9      | Reached skill level 5 in Fire Magic
  8662 | D:9      | Reached skill level 5 in Ice Magic
  8662 | D:9      | Reached skill level 5 in Air Magic
  8662 | D:9      | Reached skill level 5 in Earth Magic
  8662 | D:9      | Reached skill level 5 in Poison Magic
  9038 | D:9      | Noticed a two-headed ogre
  9041 | D:9      | Killed a two-headed ogre
  9251 | D:10     | Entered Level 10 of the Dungeon
  9388 | D:10     | Found a staircase to the Lair.
  9438 | D:10     | Noticed a two-headed ogre
  9443 | D:10     | Killed a two-headed ogre
  9454 | D:10     | Noticed Grum
  9476 | D:10     | Killed Grum
 10618 | D:11     | Noticed a two-headed ogre
 10624 | D:11     | Killed a two-headed ogre
 10803 | D:11     | Noticed a cyclops
 10810 | D:11     | Killed a cyclops
 11273 | Orc:1    | Entered Level 1 of the Orcish Mines
 11442 | Orc:1    | Reached XP level 12. HP: 83/96 MP: 22/22
 11568 | Orc:2    | Entered Level 2 of the Orcish Mines
 11568 | Orc:2    | Found a staircase to the Elven Halls.
 11576 | Orc:2    | Noticed an orc high priest
 11587 | Orc:2    | Noticed an ettin
 11591 | Orc:2    | Killed an orc high priest
 11599 | Orc:1    | HP: 3/96 [troll[an orc high priest] (2)]
 11600 | Orc:1    | Slain by a troll

Illustrated notes

Levels and vault maps discovered:
D:1:      ncdulo_watergridlock, layout_rooms
D:2:      layout_basic, chequers_ecumenical_altar_island, uniq_sigmund
D:3:      layout_rooms, chequers_decorated_corner, wad_floor_pattern_untrapped,
          lemuel_old_faithful
D:4:      layout_basic
D:5:      layout_basic, vehumet_altar_wand_db, ebering_ghost_sewer_f,
          uniq_grinder
D:6:      layout_basic, minmay_temple_entry_glass, st_stairs_13
D:7:      layout_cave_pools, nicolae_ossuary_entry_plus, hangedman_decor_points,
          minmay_misc_feat_plants
D:8:      layout_basic, kennysheep_another_room
D:9:      layout_loops_ring, orc_david_3, minmay_misc_feat_encased, uniq_harold
D:10:     layout_basic, erik_lair_island, uniq_grum
D:11:     layout_roguey
Orc:1:    layout_caves, serial_shops, nicolae_shop_statue_plus,
          kennysheep_orc_chapel
Orc:2:    st_orc_town, layout_caves, uniq_snorg

Skill      XL: |  1  2  3  4  5  6  7  8  9 10 11 |
---------------+----------------------------------+-----
Short Blades   | 1 2 3 4 5 6 |  6.9
Long Blades    | 1 2 3 4 5 6 |  6.9
Axes           | 1 2 3 4 5 6 |  6.9
Maces & Flails | 1 2 3 4 5 6 |  6.9
Staves         | 1 2 3 4 5 6 |  6.9
Slings         | 1 2 3 4 5 6 |  6.9
Bows           | 1 2 3 4 5 6 |  6.9
Crossbows      | 1 2 3 4 5 6 |  6.9
Throwing       | 1 2 3 4 5 6 |  6.9
Stealth        | 1 2 3 4 5 6 |  6.9
Shields        | 1 2 3 4 5 6 |  6.9
Unarmed Combat | 1 2 3 4 5 6 |  6.9
Spellcasting   | 1 2 3 4 5 6 |  6.9
Conjurations   | 1 2 3 4 5 |  5.7
Hexes          | 1 2 3 4 5 |  5.7
Summonings     | 1 2 3 4 5 |  5.7
Necromancy     | 1 2 3 4 5 |  5.7
Translocations | 1 2 3 4 5 |  5.7
Transmutations | 1 2 3 4 5 |  5.7
Fire Magic     | 1 2 3 4 5 |  5.7
Ice Magic      | 1 2 3 4 5 |  5.7
Air Magic      | 1 2 3 4 5 |  5.7
Earth Magic    | 1 2 3 4 5 |  5.7
Poison Magic   | 1 2 3 4 5 |  5.7
Invocations    | 1 2 3 4 5 6 7 |  7.6
Evocations     | 1 2 3 4 5 6 |  6.9
Armour         | 5 6 7 8 |  8.4
Dodging        | 5 6 7 8 |  8.4
Fighting       | 7 8 9 |  9.6
Polearms       | 7 8 9 |  9.6

Action                   |  1- 3 |  4- 6 |  7- 9 | 10-12 || total
-------------------------+-------+-------+-------+-------++-------
Melee: Spear             |    70 |   128 |   122 |       ||   320
       Bite              |     8 |    14 |    59 |    36 ||   117
       Punch             |     1 |     4 |    18 |     2 ||    25
       Trident           |       |       |   360 |    47 ||   407
       Halberd           |       |       |       |   341 ||   341
Throw: Boomerang         |     5 |       |     4 |       ||     9
       Stone             |     4 |       |       |     3 ||     7
Invok: Berserk           |     1 |       |     4 |     8 ||    13
       Trog's Hand       |       |       |     2 |     9 ||    11
  Use: Scroll            |       |       |       |    25 ||    25
       Potion            |       |       |       |     2 ||     2
 Stab: Sleeping          |     3 |       |       |       ||     3
Armor: Chain mail        |     7 |    53 |       |       ||    60
       Animal skin       |     3 |       |       |       ||     3
       Plate armour      |       |    11 |   221 |   280 ||   512
Dodge: Dodged            |    28 |    51 |   228 |   212 ||   519
